 Dungeon Crawl Stone Soup version 0.30-a0-924-g0ad0bf95bc (webtiles) character file.

Game seed: 13403302333599976770

46 cforsyth the Trooper (level 3, -18/29 HPs)
             Began as a Human Fighter on Mar 23, 2023.
             Demolished by Crazy Yiuf
             ... wielding a +2 quarterstaff of chaos
              (21 damage)
             ... on level 2 of the Dungeon.
             The game lasted 00:01:43 (1264 turns).

cforsyth the Trooper (Human Fighter)                Turns: 1264, Time: 00:01:43

Health: -18/29     AC:  6    Str: 18    XL:     3   Next: 92%
Magic:  3/3        EV:  9    Int:  8    God:
Gold:   117        SH:  4    Dex: 12    Spells: 2/2 levels left

rFire   . . .      SeeInvis .    s - +6 hammer of the Uplifting Lamprey {heavy, rPois rC++}
rCold   + + .      Faith    .    c - +0 buckler
rNeg    . . .      Spirit   .    b - +0 scale mail
rPois   +          Reflect  .    (no helmet)
rElec   .          Rampage  .    (no cloak)
rCorr   .                        (no gloves)
Will    .....                    (no boots) Stlth
                                 (no amulet)
HPRegen 0.24/turn                (no ring)
MPRegen 0.08/turn                (no ring)

@: no status effects
A: no striking features
a: no special abilities


You were on level 2 of the Dungeon.
You visited 1 branch of the dungeon, and saw 2 of its levels.

You collected 117 gold pieces.

Inventory:

Hand Weapons
 a - a +0 flail
 s - the +6 hammer of the Uplifting Lamprey (weapon) {heavy, rPois rC++}
   (You found it on level 2 of the Dungeon)

   rC:        It greatly protects you from cold.
   rPois:     It protects you from poison.
Armour
 b - a +0 scale mail (worn)
 c - a +0 buckler (worn)
Jewellery
 h - a +6 ring of intelligence
 i - a ring of resist corrosion
Scrolls
 f - a scroll of teleportation {unknown}
 j - a scroll of blinking {unknown}
 k - a scroll of enchant armour {unknown}
 l - a scroll of immolation {unknown}
 m - a scroll of poison {unknown}
 n - a scroll of fear {unknown}
 o - a scroll of vulnerability {unknown}
 p - a scroll of identify {unknown}
Potions
 d - 2 potions of might
 e - a potion of heal wounds {unknown}
 g - a potion of attraction {unknown}
 q - a potion of flight {unknown}
 r - a potion of haste {unknown}


   Skills:
 - Level 3.4 Fighting
 + Level 2.5 Maces & Flails
 + Level 3.4 Armour
 - Level 3.3 Shields


You had 2 spell levels left.
You didn't know any spells.
Your spell library contained the following spells:

 Spells                   Type           Power      Damage    Failure   Level
 Summon Small Mammal      Summ           0%         N/A       87%         1
 Call Canine Familiar     Summ           0%         N/A       99%         3
 Summon Guardian Golem    Hex/Summ       0%         N/A       99%         3


Dungeon Overview and Level Annotations

Branches:
Dungeon (2/15)

Altars:

Shops:
D:2 (

Annotations:
D:2 Crazy Yiuf


Message History

The floor.
You see here the +6 hammer of the Uplifting Lamprey {heavy, rPois rC++}.
s - the +6 hammer of the Uplifting Lamprey {heavy, rPois rC++}
s - the +6 hammer of the Uplifting Lamprey (weapon)
{heavy, rPois rC++} You see here a +1 heavy hammer.
You see here a +0 hammer.
You see here a +0 hammer.
You see here a +0 hammer.
You see here a +0 hammer.
Found four hammers.
Found a runed translucent door.
No target in view!
No target in view!
Crazy Yiuf shouts!
You see here a +0 hammer.
Found a hammer.
You see here a +0 hammer.
You open the door.
Crazy Yiuf says, "Orb down foot!"
You hit Crazy Yiuf.
Crazy Yiuf is lightly wounded.
Crazy Yiuf completely misses you. You block Crazy Yiuf's attack.
You sock Crazy Yiuf!
Crazy Yiuf is heavily wounded.
Crazy Yiuf whimpers, "Snurf!
Goldfish ragdoll Xom."
Crazy Yiuf hits you but does no damage.
Crazy Yiuf laughs, "Trifle!
Adder sallow fast."
Crazy Yiuf hits you with a +2 quarterstaff of chaos.
You barely miss Crazy Yiuf.
Crazy Yiuf is heavily wounded.
Crazy Yiuf hits you with a +2 quarterstaff of chaos!
You barely miss Crazy Yiuf.
Crazy Yiuf is heavily wounded.
Crazy Yiuf yells, "Fire snockshim unthinkable!"
Crazy Yiuf hits you with a +2 quarterstaff of chaos.
Crazy Yiuf burns you.
Crazy Yiuf hits you with a +2 quarterstaff of chaos!
* * * LOW HITPOINT WARNING * * *
Space warps horribly around you!!
Ouch! That really hurt!
You die...

#.)))#
#))))#
#)#))#
##)))#
##.##
. ##.#
. #.##
##)#
#@##
#g#
.).
#..)#
#)..#
#####


You could see Crazy Yiuf.

Vanquished Creatures
  2 worms (D:2)
  2 dart slugs (D:1)
  3 bats
  3 endoplasms
  4 giant cockroaches
  3 goblins (D:2)
  6 hobgoblins
  4 kobolds
  4 ball pythons
  A frilled lizard (D:1)
  2 rats (D:1)
34 creatures vanquished.

Notes
Turn   | Place    | Note
-------+----------+-------------------------------------------
     0 | D:1      | cforsyth the Human Fighter began the quest for the Orb.
     0 | D:1      | Reached XP level 1. HP: 18/18 MP: 1/1
   262 | D:1      | Reached XP level 2. HP: 22/24 MP: 2/2
   691 | D:1      | Reached XP level 3. HP: 29/29 MP: 3/3
  1022 | D:2      | Found Gush's Weapon Shoppe.
  1243 | D:2      | Identified the +6 hammer of the Uplifting Lamprey {heavy,
                  | rPois rC++}
  1256 | D:2      | Found a runed translucent door.
  1257 | D:2      | Noticed Crazy Yiuf
  1264 | D:2      | Demolished by Crazy Yiuf

Illustrated notes

Levels and vault maps discovered:
D:1:      heliophobic_arrival_enchanted_forest, layout_loops_corners,
          amcnicky_mini_corridor_feature
D:2:      layout_rooms, serial_shops, shop, uniq_crazy_yiuf_cottage

Action                     || total
---------------------------++-------
  Melee: Flail             ||   108
         Mace              ||     4
 Armour: Scale mail        ||    50
  Dodge: Dodged            ||    44
  Block: Buckler           ||    31

Table legend: (Time is in decaauts)
 A = Elapsed time spent in this place.
 B = Non-inter-level travel time spent in this place.
 C = Inter-level travel time spent in this place.
 D = Time resting spent in this place.
 E = Time spent auto-exploring this place.
 F = Levels seen in this place.
 G = Mean time per level.
                   A        B        C        D        E       F      G
               +--------+--------+--------+--------+--------+-----+--------+
         Total |   1301 |   1281 |     20 |      0 |   1013 |   2 |  650.5 |
       Dungeon |   1301 |   1281 |     20 |      0 |   1013 |   2 |  650.5 |
               +--------+--------+--------+--------+--------+-----+--------+

Top non-repeatable levels by time:
     D:1: 901 daAuts
     D:2: 399 daAuts
